 Dungeon Crawl Stone Soup version 0.29.1-2-gbd0b4ee654 (webtiles) character file.

Game seed: 488008422788412978

49 kingsuperguy the Cudgeller (level 3, -1/33 HPs)
             Began as a Minotaur Berserker on Nov 16, 2022.
             Was a Believer of Trog.
             Slain by a gnoll
             ... wielding a +0 whip
              (3 damage)
             ... on level 2 of the Dungeon.
             The game lasted 00:01:59 (1116 turns).

kingsuperguy the Cudgeller (Minotaur Berserker)     Turns: 1116, Time: 00:01:59

Health: -1/33      AC:  4    Str: 23    XL:     3   Next: 51%
Magic:  2/2        EV: 12    Int:  4    God:    Trog [**....]
Gold:   98         SH:  0    Dex:  9    Spells: 2/2 levels left

rFire   . . .      SeeInvis .   a - +0 mace
rCold   . . .      Faith    .   (no shield)
rNeg    . . .      Spirit   .   k - +0 leather armour
rPois   .          Reflect  .   (helmet restricted)
rElec   .          Harm     .   e - +0 cloak
rCorr   .          Rampage  .   (no gloves)
Will    .....                   (no boots)
Stlth   +.........              (no amulet)
HPRegen 0.11/turn               (no ring)
MPRegen 0.08/turn               (no ring)

@: on berserk cooldown, hasted and slowed
A: horns 2, retaliatory headbutt
a: Renounce Religion, Berserk, Trog's Hand


You were on level 2 of the Dungeon.
You worshipped Trog.
Trog was pleased with you.
You visited 1 branch of the dungeon, and saw 2 of its levels.

You collected 98 gold pieces.

Inventory:

Hand Weapons
 a - a +0 mace (weapon)
Missiles
 j - 33 stones (quivered)
Armour
 b - a +0 animal skin
 e - a +0 cloak (worn)
 k - a +0 leather armour (worn)
Scrolls
 f - a scroll of identify {unknown}
 g - a scroll of poison {unknown}
 h - a scroll of teleportation {unknown}
 i - a scroll of noise {unknown}
Potions
 d - a potion of resistance {unknown}


   Skills:
 + Level 4.2 Fighting
 + Level 4.4 Maces & Flails
 + Level 2.7 Armour
 + Level 2.9 Dodging
 + Level 0.1 Stealth


You had 2 spell levels left.
You didn't know any spells.
Your spell library was empty.

Dungeon Overview and Level Annotations

Branches:
Dungeon (2/15)

Altars:


Innate Abilities, Weirdness & Mutations

You have a pair of horns on your head.
You reflexively headbutt those who attack you in melee.


Message History

The gnoll barely misses you.
You feel a strong urge to attack something.
Things that are here:
a +0 spear; a gnoll corpse The gnoll hits you with a +0 spear.
* * * LOW HITPOINT WARNING * * *
The gnoll hits you but does no damage.
You closely miss the gnoll. Your headbutt misses the gnoll.
The gnoll is almost dead.
The gnoll closely misses you. The gnoll hits you with a +0 whip.
* * * LOW HITPOINT WARNING * * *
You are too berserk!
You are too berserk!
You are too berserk!
You feel a strong urge to attack something.
You are no longer berserk.
You are exhausted.
You feel yourself slow down.
You enter the shallow water.
Moving in this stuff is going to be slow.
The hobgoblin hits the plant.
The plant begins to die.
The gnoll closely misses you.
The gnoll hits the plant with a +0 club.
The plant begins to die.
The hobgoblin hits the plant.
The gnoll closely misses you. The gnoll hits you with a +0 whip.
* * * LOW HITPOINT WARNING * * *
The gnoll barely misses you.
Okay, then.
Okay, then.
The gnoll attacks as you move away! The gnoll barely misses you.
The gnoll hits the plant with a +0 spear.
The plant begins to die.
The gnoll hits the plant with a +0 spear.
The gnoll closely misses you. You furiously retaliate!
You headbutt the gnoll!
It was a potion of haste.
You feel yourself speed up.
A nearby plant withers and dies. x2
The gnoll hits the plant with a +0 spear.
The gnoll misses you. The gnoll attacks as you move away!
The gnoll hits you with a +0 whip.
You die...

.........#.......#
..........###.###
.....PP..)# #.# ###.~P...#
#.# #...⌠....# #.# ##
#....)~P.# #.# . #.
###...PP.# #.# .###+###
#.###_..P.≈P.###.#
.......###...###@..P..#...#
....".+.....gPg####P.#.###
.....####..P.g....###...#
###.#.###.......P....###.#
#......†.....###########.#
#............# #<#.#
#..).........# ###.#.##
###.#+######## ####......#
#....# #~≈~≈...♣.#


You could see 2 gnolls and a hobgoblin.

Vanquished Creatures
  A gnoll (D:2)
  A worm (D:2)
  4 ball pythons
  3 bats
  3 endoplasms (D:1)
  4 giant cockroaches
  2 goblins
  2 hobgoblins (D:2)
  3 jackals (D:1)
  5 kobolds
  A quokka (D:1)
  3 rats
32 creatures vanquished.

Vanquished Creatures (others)
  2 plants (D:2)
2 creatures vanquished.

Grand Total: 34 creatures vanquished

Notes
Turn   | Place    | Note
-------+----------+-------------------------------------------
     0 | D:1      | kingsuperguy the Minotaur Berserker began the quest for the
                  | Orb.
     0 | D:1      | Reached XP level 1. HP: 19/19 MP: 0/0
   204 | D:1      | Reached XP level 2. HP: 27/27 MP: 1/1
   911 | D:2      | Reached XP level 3. HP: 33/33 MP: 2/2
   956 | D:2      | Reached ** piety under Trog
  1063 | D:2      | Found a faded altar of an unknown god.
  1113 | D:2      | HP: 1/33 [gnoll/+0 whip (4)]
  1116 | D:2      | Slain by a gnoll

Illustrated notes

Levels and vault maps discovered:
D:1:      dpeg_arrival_castle, layout_basic, minmay_shallow_snake_nest
D:2:      layout_basic, shapermc_ecumenical_altar_mp_ritualfount, basic_altar,
          chequers_serial_rivers_marsh, hex_intersection, minmay_tripent,
          uniq_robin

Skill      XL: |  1  2 |
---------------+-------+-----
Maces & Flails | 4 |  4.4
Fighting       | 4 |  4.2
Armour         | |  2.7
Dodging        | |  2.9
Stealth        | |  0.1

Action                   || total
-------------------------++-------
Melee: Mace              ||    47
       Headbutt          ||     8
Invok: Berserk           ||     1
  Use: Potion            ||     1
Armor: Animal skin       ||     3
       Leather armour    ||     8
Dodge: Dodged            ||    46
